 Dungeon Crawl Stone Soup version 0.30.0-5-g1a98f26d00 (webtiles) character file.

Game seed: 5552082701172304063

26565 howech the Cruncher (level 12, -10/107 HPs)
             Began as a Minotaur Gladiator on May 12, 2023.
             Was a Priest of Elyvilon.
             Mangled by Rupert
             ... wielding a +2 great mace of venom
              (44 damage)
             ... on level 4 of the Lair of Beasts on May 13, 2023.
             The game lasted 01:28:25 (16046 turns).

howech the Cruncher (Minotaur Gladiator)           Turns: 16046, Time: 01:28:25

Health: -10/107    AC: 17    Str: 19    XL:     12   Next: 99%
Magic:  10/16      EV: 16    Int:  9    God:    Elyvilon [***...]
Gold:   906        SH:  5    Dex: 13    Spells: 16/18 levels left

rFire   . . .        a - +0 quarterstaff (protect)
rCold   . . .        (shield currently unavailable)
rNeg    . . .        J - +0 steam dragon scales
rPois   +            c - +1 hat
rElec   .            (no cloak)
rCorr   +            (no gloves)
SInv    +            (no boots)
Will    .....        s - amulet of reflection
Stlth   +            y - ring of see invisible
HPRegen 0.37/turn    q - ring of resist corrosion
MPRegen 0.15/turn

%: reflection
@: lethally poisoned (-10 -> -14), under a protective aura, hasted, studying
Unarmed Combat, very quick
A: horns 2, retaliatory headbutt, iridescent scales 1, deterioration 1, poison
resistance, wild magic 1
a: Renounce Religion, Purification, Heal Other, Heal Self


You were on level 4 of the Lair of Beasts.
You worshipped Elyvilon.
Elyvilon was most pleased with you.
You visited 3 branches of the dungeon, and saw 16 of its levels.
You also visited: Sewer.

You collected 906 gold pieces.

Inventory:

Hand Weapons
 a - a +0 quarterstaff of protection (weapon)
 i - a +5 scimitar of freezing
 k - the +1 whip "Veegyawn" {flame, rElec Will++ rCorr Stlth-}
   (You took it off an orc wizard on level 9 of the Dungeon)

   rElec:     It insulates you from electricity.
   rCorr:     It protects you from acid and corrosion.
   Will:      It greatly increases your willpower.
   Stlth:     It makes you less stealthy.
Missiles
 z - a poisoned dart
 A - 3 datura-tipped darts (quivered)
Armour
 b - a +0 leather armour
 c - a +1 hat (worn)
 g - a +0 chain mail
 G - a +0 cloak
 J - +0 steam dragon scales (worn)
Magical Staves
 E - a staff of earth
Jewellery
 l - an amulet of the acrobat
 q - a ring of resist corrosion (right hand)
 s - an amulet of reflection (around neck)
 x - an amulet of faith
 y - a ring of see invisible (left hand)
 K - the amulet "Har Qe Tor" {Spirit rElec rF+ rN+++ Will+ Str-3}
   (You found it on level 4 of the Lair of Beasts)

   [amulet of guardian spirit]

   It causes incoming damage to be divided between your reserves of health and
   magic.
   Str:       It affects your strength (-3).
   rF:        It protects you from fire.
   rElec:     It insulates you from electricity.
   rN:        It renders you almost immune to negative energy.
   Will:      It increases your willpower.
Wands
 d - a wand of paralysis (2)
 F - a wand of flame (3)
 I - a wand of roots (10)
Scrolls
 j - 5 scrolls of teleportation
 m - 3 scrolls of silence
 o - 2 scrolls of enchant armour
 r - 6 scrolls of fear
 t - 4 scrolls of magic mapping
 H - a scroll of identify
 L - 2 scrolls of fog
 M - a scroll of poison
Potions
 e - a potion of ambrosia {unknown}
 f - 3 potions of lignification
 h - 2 potions of haste
 n - a potion of attraction
 p - 6 potions of curing
 u - a potion of magic
 v - 2 potions of flight
 w - 2 potions of brilliance
 B - a potion of might
 C - 3 potions of cancellation
 D - 2 potions of berserk rage


   Skills:
 + Level 10.4 Fighting
 * Level 13.5 Staves
 - Level 7.1 Throwing
 + Level 10.0 Armour
 + Level 9.9 Dodging
 + Level 2.9 Unarmed Combat
 - Level 3.5 Spellcasting
 - Level 3.9 Translocations
 + Level 7.1 Invocations
 + Level 1.3 Evocations


You had 16 spell levels left.
You knew the following spells:

 Your Spells              Type           Power      Damage    Failure   Level
a - Blink                 Tloc           22%        N/A       13%         2

Your spell library contained the following spells:

 Spells                   Type           Power      Damage    Failure   Level
 Manifold Assault         Tloc           11%        N/A       58%         4
 Passage of Golubria      Tloc           11%        N/A       58%         4
 Frozen Ramparts          Ice            4%         1d1       73%         3
 Ozocubu's Armour         Ice            2%         N/A       73%         3
 Tukima's Dance           Hex            2%         N/A       73%         3
 Ice Form                 Ice/Tmut       2%         N/A       98%         4
 Summon Ice Beast         Ice/Summ       2%         N/A       98%         4
 Metabolic Englaciation   Hex/Ice        1%         N/A       100%        5
 Yara's Violent Unravell  Hex/Tmut       1%         3d3       100%        5
 Simulacrum               Ice/Necr       1%         N/A       100%        6
 Storm Form               Tmut/Air       1%         N/A       100%        7


Dungeon Overview and Level Annotations

Branches:
Dungeon (10/15)            Temple (1/1) D:5            Lair (5/5) D:8
 Shoals (0/4) Lair:3       Spider (0/4) Lair:3        Slime (0/5) Lair:4
  Sewer (visited)
    Orc: D:9-12

Altars:
Ashenzari
Cheibriados
Dithmenos
Elyvilon
Fedhas
Gozag
Hepliaklqana
Kikubaaqudgha
Makhleb
Nemelex Xobeh
Okawaru
Qazlal
Ru
Sif Muna
Trog
Uskayaw
Vehumet
Wu Jian
Xom
Yredelemnul
The Shining One
Jiyva

Shops:
D:8 :

Annotations:
D:5 2 transporters
D:10 Lodul
Lair:4 Rupert


Innate Abilities, Weirdness & Mutations

You have a pair of horns on your head.
You reflexively headbutt those who attack you in melee.
You are partially covered in iridescent scales. (AC +2)
Your body sometimes deteriorates upon taking damage.
Your system is resistant to poisons. (rPois)
Your spells are a little harder to cast, but a little more powerful.


Message History

Rupert is heavily wounded.
You feel sick.
You hit Rupert. Your headbutt misses Rupert.
Rupert is heavily wounded.
You feel sick. Rupert closely misses you. You furiously retaliate!
You headbutt Rupert, but do no damage. You hit Rupert but do no damage.
You headbutt Rupert.
Rupert is heavily wounded.
You feel sick.
You bludgeon Rupert!!
Rupert is severely wounded.
Rupert hits you with a +2 great mace of venom!!
You sock Rupert!
Rupert is severely wounded.
You feel sick.
You closely miss Rupert. Your headbutt misses Rupert.
Rupert is severely wounded.
You feel sick.
Rupert hits you with a +2 great mace of venom!!
* * * LOW HITPOINT WARNING * * *
You are more poisoned.
You are healed.
You feel sick. Rupert completely misses you.
You barely miss Rupert.
Rupert is severely wounded.
You feel sick.
Rupert hits you with a +2 great mace of venom!!
* * * LOW HITPOINT WARNING * * *
You completely miss Rupert.
Rupert is severely wounded.
You feel sick.
You hit Rupert but do no damage. Your headbutt misses Rupert.
Rupert is severely wounded.
You feel sick. Rupert closely misses you.
You thump Rupert!
Rupert is severely wounded.
Rupert hits you with a +2 great mace of venom!
* * * LOW HITPOINT WARNING * * *
You are healed.
You feel sick.
Rupert hits you with a +2 great mace of venom!!!
You die...

##....## #......##
#.......## #........#
#.......## ##........#
#### #P........# )..#
### ##.......##
...####.#######.@.(.#
...#.......###P.@..##
............##.....#
...................#
...................##
...........<........#
..[..........#...(..#
.............#......#
..####..###.........##


You could see Rupert (berserk).

Vanquished Creatures
  A two-headed ogre (D:9)
  A death yak (Lair:2)
  A merfolk siren (Lair:3)
  An elephant (Lair:3)
  2 black mambas
  A rime drake (Lair:2)
  4 komodo dragons (Lair:4)
  9 cane toads
  2 polar bears
  Grinder (D:6)
  5 blink frogs (Lair:2)
  3 culicivoras (Lair:3)
  Eustachio (D:5)
  A spriggan (Lair:2)
  3 wyverns
  21 yaks
  3 steam dragons
  2 basilisks
  Menkaure (D:6)
  Edmund (D:5)
  8 water moccasins
  3 ice beasts
  3 orc warriors
  2 black bears
  5 ogres
  30 wolves
  A kobold brigand (D:9)
  8 bullfrogs
  5 scorpions
  8 wights
  4 killer bees
  5 howler monkeys
  2 hounds
  5 jellies
  3 orc priests
  Crazy Yiuf (D:5)
  A sleepcap (D:6)
  An iguana (D:6)
  11 orc wizards
  5 hell rats
  7 gnolls
  A river rat (Sewer)
  9 adders
  3 shadow imps
  3 worms
  4 dart slugs
  24 orcs
  10 endoplasms
  9 giant cockroaches
  8 goblins
  5 hobgoblins
  12 jackals
  6 quokkas
  6 ball pythons
  11 bats
  6 frilled lizards
  15 kobolds
  8 rats
322 creatures vanquished.

Vanquished Creatures (collateral kills)
  A yak (Lair:4)
1 creature vanquished.

Vanquished Creatures (others)
  3 death yaks (Lair:2)
  3 elephants
  A wyvern (Lair:4)
  A yak (Lair:1)
  A gnoll (D:7)
9 creatures vanquished.

Grand Total: 332 creatures vanquished

Notes
Turn   | Place    | Note
-------+----------+-------------------------------------------
     0 | D:1      | howech the Minotaur Gladiator began the quest for the Orb.
     0 | D:1      | Reached XP level 1. HP: 18/18 MP: 0/0
    94 | D:1      | Reached XP level 2. HP: 24/25 MP: 1/1
   323 | D:1      | Reached skill level 1 in Armour
   470 | D:1      | Reached XP level 3. HP: 30/30 MP: 2/2
   819 | D:1      | Reached skill level 4 in Staves
  1030 | D:2      | Reached XP level 4. HP: 26/38 MP: 3/3
  1687 | D:3      | Found a radiant altar of Vehumet.
  1877 | D:3      | Found a glowing drain.
  1881 | Sewer    | Entered a sewer
  1966 | Sewer    | Reached XP level 5. HP: 33/45 MP: 4/4
  2409 | D:3      | Found a faded altar of an unknown god.
  2892 | D:4      | Noticed an ogre
  2904 | D:4      | Killed an ogre
  2905 | D:4      | Reached XP level 6. HP: 52/52 MP: 5/5
  3239 | D:5      | Entered Level 5 of the Dungeon
  3264 | D:5      | Found a staircase to the Ecumenical Temple.
  3268 | D:5      | Reached skill level 5 in Staves
  3269 | D:5      | Found a transporter.
  3371 | D:5      | Noticed Edmund
  3387 | D:5      | Killed Edmund
  3420 | D:5      | Reached XP level 7. HP: 60/60 MP: 6/6
  3450 | D:5      | Reached skill level 5 in Dodging
  3469 | D:5      | Reached skill level 5 in Fighting
  3706 | D:5      | Found a transporter.
  3719 | D:5      | Noticed Eustachio
  3734 | D:5      | Killed Eustachio
  3735 | D:5      | Reached skill level 6 in Staves
  3735 | D:5      | Reached XP level 8. HP: 69/69 MP: 7/7
  3799 | D:5      | Learned a level 2 spell: Blink
  3835 | D:5      | Found a runed translucent door.
  3836 | D:5      | Noticed Crazy Yiuf
  3842 | D:5      | Killed Crazy Yiuf
  3930 | Temple   | Entered the Ecumenical Temple
  4000 | Temple   | Became a worshipper of Elyvilon the Healer
  4120 | D:6      | Found an ornate altar of the Wu Jian Council.
  4246 | D:6      | Reached skill level 5 in Armour
  4303 | D:6      | Reached skill level 1 in Invocations
  4416 | D:6      | Noticed Menkaure
  4430 | D:6      | Killed Menkaure
  4431 | D:6      | Reached skill level 1 in Spellcasting
  4431 | D:6      | Reached skill level 1 in Translocations
  4724 | D:6      | Reached * piety under Elyvilon
  4756 | D:6      | Reached skill level 5 in Throwing
  5051 | D:6      | Found a hide-covered altar of Uskayaw.
  5062 | D:6      | Found an iron altar of Okawaru.
  5116 | D:6      | Noticed Grinder
  5124 | D:6      | Killed Grinder
  5125 | D:6      | Reached skill level 7 in Staves
  5287 | D:6      | Reached XP level 9. HP: 75/75 MP: 9/9
  5413 | D:6      | Gained mutation: Your body sometimes deteriorates upon
                  | taking damage. [potion of mutation]
  5413 | D:6      | Gained mutation: You are partially covered in iridescent
                  | scales. (AC +2) [potion of mutation]
  5413 | D:6      | Gained mutation: Your spells are a little harder to cast,
                  | but a little more powerful. [potion of mutation]
  5413 | D:6      | Gained mutation: Your system is resistant to poisons.
                  | (rPois) [potion of mutation]
  5564 | D:7      | Reached ** piety under Elyvilon
  6230 | D:7      | Found a stormy altar of Qazlal.
  6340 | D:7      | Reached skill level 8 in Staves
  6610 | D:8      | Found Fuhubaup's Book Boutique.
  6622 | D:8      | Found a staircase to the Lair.
  6643 | D:8      | Found a transporter.
  6648 | D:8      | Found a transporter.
  7107 | D:8      | Found a transporter.
  7181 | D:8      | Found a transporter.
  7433 | D:9      | Noticed a two-headed ogre
  7454 | D:9      | Killed a two-headed ogre
  7455 | D:9      | Reached XP level 10. HP: 51/86 MP: 12/12
  7910 | D:9      | Identified the +1 whip "Veegyawn" {flame, rElec Will++
                  | rCorr Stlth-}
  8136 | D:9      | Reached skill level 9 in Staves
  8421 | D:10     | Entered Level 10 of the Dungeon
  8421 | D:10     | Noticed Lodul
  8613 | Lair:1   | Entered Level 1 of the Lair of Beasts
  8703 | Lair:1   | Reached *** piety under Elyvilon
  8703 | Lair:1   | Noticed a cane toad
  8732 | Lair:1   | Killed a cane toad
  8745 | Lair:1   | Elyvilon protects you from harm!
  9012 | Lair:1   | Noticed a catoblepas
  9012 | Lair:1   | Noticed a cane toad
  9389 | Lair:1   | Pacified a catoblepas
  9432 | Lair:1   | Reached skill level 10 in Staves
  9449 | Lair:1   | Reached XP level 11. HP: 20/94 MP: 11/14
 10370 | Lair:2   | Noticed a death yak
 10370 | Lair:2   | Noticed a death yak
 10370 | Lair:2   | Noticed a death yak
 10372 | Lair:2   | Noticed a death yak
 10548 | Lair:2   | Reached skill level 5 in Invocations
 10902 | Lair:2   | Reached skill level 11 in Staves
 10974 | Lair:2   | Noticed a death yak
 10974 | Lair:2   | Noticed a death yak
 11004 | Lair:2   | Pacified a death yak
 11006 | Lair:2   | Pacified a death yak
 11007 | Lair:2   | Killed a death yak
 11011 | Lair:2   | Killed a death yak
 11016 | Lair:2   | Pacified a death yak
 11018 | Lair:2   | Killed a death yak
 11035 | Lair:1   | Pacified a death yak
 11198 | Lair:2   | Killed a death yak
 11554 | Lair:2   | Reached XP level 12. HP: 90/104 MP: 16/16
 12116 | Lair:2   | Reached skill level 12 in Staves
 12373 | Lair:3   | Found a hole to the Spider Nest.
 13328 | Lair:3   | Found a staircase to the Shoals.
 14241 | Lair:4   | Identified the amulet "Har Qe Tor" {Spirit rElec rF+ rN+++
                  | Will+ Str-3}
 14346 | Lair:4   | You fall into a shaft and drop 1 floor!
 14346 | Lair:5   | Entered Level 5 of the Lair of Beasts
 14432 | Lair:4   | Noticed Rupert
 14481 | Lair:3   | Reached skill level 10 in Fighting
 14544 | Lair:4   | Reached skill level 13 in Staves
 14815 | Lair:4   | Reached skill level 1 in Unarmed Combat
 15010 | Lair:4   | Found a viscous altar of Jiyva.
 15010 | Lair:4   | Found a staircase to the Slime Pits.
 15164 | Lair:4   | Reached skill level 1 in Evocations
 15177 | Lair:4   | Reached skill level 10 in Armour
 16046 | Lair:4   | Mangled by Rupert

Illustrated notes

Levels and vault maps discovered:
D:1:      heliophobic_arrival_henge, layout_basic, minivault_26
D:2:      layout_loops_cross
D:3:      layout_basic, nicolae_vehumet_altar_sigil, gup_sewer_entry_spiral,
          dreamdust_ecumenical_altar_hidden_monk_grotto
D:4:      layout_rooms, kennysheep_minor_cross, minmay_small_thing
D:5:      gammafunk_cloud_chamber, layout_basic,
          minmay_temple_entry_proselytizer, uniq_eustachio, uniq_edmund,
          uniq_crazy_yiuf_cottage
D:6:      layout_gridville, nzn_wu_jian_council_hall,
          amethyst_overflow_temple_binary, serial_park_tiny_1, minivault_19,
          chequers_serial_rivers_large_a, uniq_grinder, uniq_menkaure
D:7:      layout_loops_corners, kennysheep_little_box, serial_park_tiny_2,
          chequers_serial_rivers_small_b
D:8:      layout_loops_cross, lair_entry_dummy, serial_shops,
          nicolae_shop_waterfront, nicolae_transporter_intersection
D:9:      layout_loops_ring, dk_noncrumbling_4, nicolae_kite_square_tiling_tiny
D:10:     layout_rooms, mainiacjoe_overflow_brackets, hex_large,
          nicolae_twisting_strands, uniq_lodul
Temple:   nicolae_temple_superstar
Lair:1:   layout_gridlike
Lair:2:   layout_small_grid, grunt_forest_stairs_clearing
Lair:3:   layout_small_grid, minmay_shoals_entry_lonely_mermaid,
          hellmonk_spider_entry_life_and_decay, grunt_forest_small_clearings
Lair:4:   layout_gridlike, nicolae_slime_entry_slimehenge, beast_lair_carwin_5,
          serial_bayou_shore_b, uniq_rupert
Lair:5:   evilmike_catoblepas_cave, layout_small_grid

Skill      XL: |  1  2  3  4  5  6  7  8  9 10 11 12 |
---------------+-------------------------------------+-----
Armour         | 1 2 3 4 5 6 7 8 10 | 10.0
Staves         | 4 5 6 7 8 10 11 13 | 13.5
Fighting       | 3 4 5 6 7 8 9 10 | 10.4
Dodging        | 4 5 6 7 8 9 |  9.9
Throwing       | 3 4 5 6 7 |  7.1
Invocations    | 1 3 4 5 7 |  7.1
Spellcasting   | 1 2 3 |  3.5
Translocations | 1 2 3 |  3.9
Unarmed Combat | 2 |  2.9
Evocations     | 1 |  1.3

Action                     |  1- 3 |  4- 6 |  7- 9 | 10-12 || total
---------------------------+-------+-------+-------+-------++-------
  Melee: Quarterstaff      |    70 |   153 |   246 |   794 ||  1263
         Headbutt          |     8 |    22 |    58 |   156 ||   244
  Throw: Throwing net      |       |     5 |     4 |       ||     9
         Dart              |       |       |    15 |    50 ||    65
         Javelin           |       |       |     3 |     1 ||     4
 Invoke: Heal Other        |       |       |     6 |    28 ||    34
         Purification      |       |       |     5 |     8 ||    13
         Heal Self         |       |       |       |     2 ||     2
  Evoke: Wand              |       |       |       |    18 ||    18
    Use: Scroll            |     2 |    15 |     4 |     4 ||    25
         Potion            |       |       |     8 |     6 ||    14
   Stab: Sleeping          |       |     1 |       |       ||     1
         Held in net/web   |       |     1 |     4 |       ||     5
 Armour: Leather armour    |    24 |    31 |    12 |       ||    67
         Chain mail        |       |       |   107 |   241 ||   348
         Steam dragon scal |       |       |       |    31 ||    31
  Dodge: Dodged            |    59 |    84 |   135 |   331 ||   609
  Block: Other             |       |    11 |    48 |   156 ||   215
